 Dungeon Crawl Stone Soup version 0.29.1-13-g9f3cf754e1 (webtiles) character file.

Game seed: 11387446940859014895

214 retardedninja the Conjurer (level 5, -1/38 HPs)
             Began as a Draconian Conjurer on Jan 20, 2023.
             Killed by divine providence
             ... invoked by an orc priest
              (14 damage)
             ... on level 4 of the Dungeon.
             The game lasted 00:08:10 (5335 turns).

retardedninja the Conjurer (Draconian Conjurer)     Turns: 5335, Time: 00:08:10

Health: -1/38      AC:  5    Str:  9    XL:     5   Next: 60%
Magic:  3/18       EV: 10    Int: 27    God:
Gold:   201        SH:  6    Dex:  9    Spells: 7/10 levels left

rFire   . . .      SeeInvis .   d - +0 rapier
rCold   . . .      Faith    .   u - +0 kite shield
rNeg    . . .      Spirit   .   (body armour unavailable)
rPois   .          Reflect  .   (helmet restricted)
rElec   .          Harm     .   (no cloak)
rCorr   .          Rampage  .   (no gloves)
Will    .....                   (no boots)
Stlth   ++........              (no amulet)
HPRegen 0.12/turn               b - +6 ring of intelligence
MPRegen 0.16/turn               f - ring of magical power

@: no status effects
A: AC +5, unfitting armour, cold-blooded
a: no special abilities


You were on level 4 of the Dungeon.
You visited 1 branch of the dungeon, and saw 4 of its levels.

You collected 201 gold pieces.

Inventory:

Hand Weapons
 d - a +0 rapier (weapon)
Armour
 u - a +0 kite shield (worn)
Jewellery
 b - a +6 ring of intelligence (left hand)
 f - a ring of magical power (right hand)
 i - a ring of positive energy
Wands
 c - a wand of flame (13)
Scrolls
 e - 2 scrolls of identify
 h - a scroll of poison {unknown}
 k - a scroll of enchant weapon {unknown}
 m - a scroll of amnesia {unknown}
 o - a scroll of fear {unknown}
 p - 2 scrolls of immolation {unknown}
 q - a scroll of noise {unknown}
 r - a scroll of fog {unknown}
 s - 3 scrolls of vulnerability {unknown}
Potions
 a - 2 potions of magic
 g - 2 potions of curing
 j - 2 potions of berserk rage {unknown}
 l - a potion of degeneration {unknown}
 n - a potion of might {unknown}
 t - a potion of cancellation {unknown}


   Skills:
 + Level 2.9 Dodging
 + Level 3.2 Stealth
 + Level 3.2 Spellcasting
 * Level 4.9 Conjurations


You had 7 spell levels left.
You knew the following spells:

 Your Spells              Type           Power      Damage    Failure   Level
a - Magic Dart            Conj           100%       1d8       4%          1
b - Searing Ray           Conj           62%        2d6       6%          2

Your spell library contained the following spells:

 Spells                   Type           Power      Damage    Failure   Level
 Dazzling Flash           Conj/Hex       34%        N/A       34%         3
 Fulminant Prism          Conj/Hex       8%         3d7       75%         4
 Iskenderun's Mystic Bla  Conj/Tloc      17%        2d5       75%         4
 Starburst                Conj/Fire      8%         6d4       100%        6


Dungeon Overview and Level Annotations

Branches:
Dungeon (4/15)
 Temple: D:4-7

Altars:


Innate Abilities, Weirdness & Mutations

Your plain brown scales are hard. (AC +5)
You cannot fit into any form of body armour.
You are cold-blooded and may be slowed by cold attacks.


Message History

The orc hits you with a +0 war axe.
Unknown command.
Casting: Searing Ray (safe; 6% risk of failure)
Confirm with . or Enter, or press ? or * to list all spells.
Restarting spell: Searing Ray (safe; 6% risk of failure)
Press: ? - help, Shift-Dir - straight line, f - orc priest
Aim: an orc priest, wielding a +0 club and wearing a +0 leather armour (79% to hit)
The searing ray hits the orc.
You kill the orc!
The searing ray misses the orc priest. (Press . to maintain the ray.) Unknown command.
Casting: Searing Ray (safe; 6% risk of failure)
Confirm with . or Enter, or press ? or * to list all spells.
Restarting spell: Searing Ray (safe; 6% risk of failure)
Press: ? - help, Shift-Dir - straight line, f/p - orc priest
Aim: an orc priest, wielding a +0 club and wearing a +0 leather armour (79% to hit)
The searing ray hits the orc priest.
The orc priest is moderately wounded. (Press . to maintain the ray.)
Casting: Searing Ray (safe; 6% risk of failure)
Confirm with . or Enter, or press ? or * to list all spells.
Restarting spell: Searing Ray (safe; 6% risk of failure)
Press: ? - help, Shift-Dir - straight line, f/p - orc priest
Aim: an orc priest, wielding a +0 club and wearing a +0 leather armour (moderately wounded, 79% to hit)
The searing ray hits the orc priest!
The orc priest is severely wounded. (Press . to maintain the ray.)
The orc priest hits you with a +0 club.
Unknown command.
Casting: Searing Ray (safe; 6% risk of failure)
Confirm with . or Enter, or press ? or * to list all spells.
Restarting spell: Searing Ray (safe; 6% risk of failure)
Press: ? - help, Shift-Dir - straight line, f/p - orc priest
Aim: an orc priest, wielding a +0 club and wearing a +0 leather armour (severely wounded, 79% to hit)
The searing ray misses the orc priest. (Press . to maintain the ray.)
The orc priest mumbles some strange prayers to Beogh against you.
Beogh smites you!
You die...

###### #####
#....######
......#....'....#
$..).)o@...#....#
......#....#....#
..... #....#..###
..#####....#..######
. #......#........#
#......'.......>#
#..<...##########
#..........#....#
#..........#....#


You could see an orc priest.

Vanquished Creatures
  An orc priest (D:3)
  Natasha (twice) (D:2)
  Robin (D:2)
  2 adders
  A gnoll (D:3)
  A worm (D:3)
  3 dart slugs
  12 orcs
  6 ball pythons
  4 bats
  4 endoplasms
  6 giant cockroaches
  11 goblins
  4 hobgoblins
  3 quokkas
  4 frilled lizards
  7 kobolds
  4 rats
  3 bushes (D:2)
79 creatures vanquished.

Vanquished Creatures (others)
  2 plants (D:2)
2 creatures vanquished.

Grand Total: 81 creatures vanquished

Notes
Turn   | Place    | Note
-------+----------+-------------------------------------------
     0 | D:1      | retardedninja the Draconian Conjurer began the quest for
                  | the Orb.
     0 | D:1      | Reached XP level 1. HP: 14/14 MP: 3/3
   211 | D:1      | Reached XP level 2. HP: 10/20 MP: 1/5
  1149 | D:2      | Reached XP level 3. HP: 26/26 MP: 6/6
  2032 | D:2      | Noticed Robin
  2051 | D:2      | Killed Robin
  2088 | D:2      | Learned a level 2 spell: Searing Ray
  2422 | D:2      | Found a faded altar of an unknown god.
  2422 | D:2      | Noticed Natasha
  2433 | D:2      | Killed Natasha
  2434 | D:2      | Reached XP level 4. HP: 33/33 MP: 7/8
  2725 | D:2      | Noticed Natasha
  2730 | D:2      | Killed Natasha
  3782 | D:3      | Reached XP level 5. HP: 38/38 MP: 9/9
  5335 | D:4      | Killed from afar by an orc priest

Illustrated notes

Levels and vault maps discovered:
D:1:      dpeg_arrival_round_b, layout_rooms, fountainhead,
          chequers_serial_rivers_room_a
D:2:      layout_loops_corners, serial_forest, infiniplex_forest_straight_3,
          infiniplex_forest_lined_room_2, infiniplex_forest_clump_curved,
          infiniplex_forest_lined_corner, infiniplex_forest_end_2,
          infiniplex_forest_lined_3_way, infiniplex_forest_end_double,
          dreamdust_ecumenical_altar_statues, chequers_decorated_corner,
          uniq_natasha, uniq_robin
D:3:      layout_basic, st_stairs_1, kennysheep_generic_room_5
D:4:      layout_gridville

Skill      XL: |  1  2  3  4  5 |
---------------+----------------+-----
Stealth        | 2 3 |  3.2
Dodging        | 2 |  2.9
Spellcasting   | 3 |  3.2
Conjurations   | |  4.9

Action                   |  1- 3 |  4- 6 || total
-------------------------+-------+-------++-------
Melee: Unarmed           |     5 |       ||     5
       Tailslap          |   112 |    70 ||   182
       Rapier            |   422 |   239 ||   661
       Punch             |     6 |     8 ||    14
 Cast: Magic Dart        |    68 |    73 ||   141
       Searing Ray       |     4 |    13 ||    17
  Use: Scroll            |     2 |       ||     2
       Potion            |     1 |     1 ||     2
Armor: Skin              |    12 |     4 ||    16
Dodge: Dodged            |    23 |    14 ||    37
